Senateurs vs Flyers
Created - January 4, 2020 at 19:07
Goals
|
Senateurs |
3 |
0 |
1 |
4 |
Flyers |
2 |
1 |
0 |
3 |
|
Shots
|
Senateurs |
13 |
9 |
14 |
36 |
Flyers |
11 |
7 |
8 |
26 |
|
1st period
1. Flyers , Marcus Kruger 15 (Jeff Carter 25) at 5:53
2. Senateurs , Sergei Kostitsyn 6 (Dion Phaneuf 18, Daniel Briere 6) at 6:01
3. Flyers , Oliver Ekman-Larsson 2 (Brian Lashoff 8) at 8:31 (PP)
4. Senateurs , Duncan Keith 1 (Ryan Hollweg 4, Michel Ouellet 2) at 11:34
5. Senateurs , Phil Kessel 17 (Sidney Crosby 26) at 18:32
Penalties :
Jeff Carter (Phi) for High sticking (Double Minor) at 1:48, Matt Smaby (Phi) for Tripping (Minor) at 6:22, Jamie Benn (Ott) for Hooking (Minor) at 7:38, Daniel Sedin (Ott) for Holding (Minor) at 11:49
2nd period
6. Flyers , Chris Mcallister 8 (Mats Zuccarello 17, Marcus Kruger 12) at 15:54
Penalties :
Carlo Colaiacovo (Ott) for Hooking (Minor) at 8:27, Daniel Sedin (Ott) for Hooking (Minor) at 11:54
3rd period
7. Senateurs , Cody Franson 1 (Daniel Briere 7, Phil Kessel 21) at 19:23
Penalties :
Jeff Woywitka (Phi) for Holding (Minor) at 12:05
Goalie Stats
Ondrej Pavelec (Ott), 23 saves from 26 shots - (0.885), W, 15-6-2, 60:00 minutes
Steve Mason (Phi), 32 saves from 36 shots - (0.889), L, 12-9-2, 59:34 minutes
Players Stats for Senateurs
Player Name G A P +/- PIM S H SB GA TA FO MP PP MP PK MP
------------------------------------------------------------------------------------
Carlo Colaiacovo 0 0 0 0 2 2 0 2 0 1 0/0 10:48 0:14 0:00
Cody Franson 1 0 1 3 0 3 0 0 0 1 0/0 28:04 3:26 3:48
Colby Armstrong 0 0 0 0 0 1 2 1 0 0 0/0 15:44 2:47 0:00
Daniel Briere 0 2 2 2 0 1 3 0 0 0 6/8 11:43 0:06 2:03
Daniel Sedin 0 0 0 0 4 4 3 0 0 0 1/1 15:42 2:47 0:00
Dion Phaneuf 0 1 1 3 0 4 0 3 0 1 0/0 28:16 3:38 3:48
Duncan Keith 1 0 1 -1 0 1 1 2 1 0 0/0 21:00 3:22 2:19
Evgeni Malkin 0 0 0 0 0 3 2 0 2 0 8/16 19:20 2:47 2:53
Jamie Benn 0 0 0 0 2 3 1 0 0 0 0/0 21:17 3:29 1:09
Mark Giordano 0 0 0 0 0 0 1 1 0 0 0/0 10:56 0:26 0:00
Michel Ouellet 0 1 1 1 0 2 0 0 0 0 0/0 7:32 0:52 0:00
Nate Prosser 0 0 0 -1 0 2 0 0 0 1 0/0 21:00 3:22 2:19
Phil Kessel 1 1 2 -1 0 1 0 0 0 0 0/1 22:14 3:35 1:49
Radim Vrbata 0 0 0 2 0 0 0 1 1 0 0/0 10:47 0:00 1:18
Ryan Hollweg 0 1 1 0 0 2 0 0 0 0 0/0 7:43 0:57 0:00
Sergei Kostitsyn 1 0 1 2 0 2 1 0 2 0 0/0 10:15 0:46 0:00
Sidney Crosby 0 1 1 -1 0 4 0 0 2 1 27/42 24:05 3:35 3:02
Stephane Da Costa 0 0 0 1 0 1 2 0 0 0 0/3 6:40 0:00 0:00
Players Stats for Flyers
Player Name G A P +/- PIM S H SB GA TA FO MP PP MP PK MP
------------------------------------------------------------------------------------
Brian Lashoff 0 1 1 0 0 0 1 1 0 1 0/0 10:47 0:10 0:18
Brock Nelson 0 0 0 0 0 0 0 0 0 0 0/0 6:04 0:00 0:00
Chris Mcallister 1 0 1 0 0 1 1 1 0 0 0/0 11:00 0:00 0:00
Drew Miller 0 0 0 -1 0 1 0 0 0 0 0/3 22:11 3:14 2:21
J.T. Miller 0 0 0 -1 0 2 1 0 0 1 1/1 16:40 2:49 1:35
Jakub Voracek 0 0 0 -1 0 4 1 1 0 0 1/2 22:11 3:14 2:21
Jeff Carter 0 1 1 0 4 6 1 2 1 1 14/40 22:25 3:18 1:43
Jeff Woywitka 0 0 0 -1 2 1 0 0 0 1 0/0 19:06 2:06 2:00
Jonathan Ericsson 0 0 0 -1 0 0 0 0 0 1 0/0 20:23 2:06 3:16
Jordan Nolan 0 0 0 -2 0 4 0 1 1 0 7/12 18:57 2:53 3:18
Marcus Kruger 1 1 2 1 0 2 1 0 1 1 3/9 12:22 0:00 1:16
Mats Zuccarello 0 1 1 1 0 0 1 0 0 0 0/0 10:57 0:00 0:00
Matt Smaby 0 0 0 -1 2 2 1 3 0 0 0/0 27:45 3:55 2:32
Matthew Lombardi 0 0 0 -1 0 0 1 0 0 0 3/4 8:08 0:00 1:54
Nathan Beaulieu 0 0 0 0 0 0 0 1 0 1 0/0 12:37 0:00 2:54
Oliver Ekman-Larsson 1 0 1 -1 0 2 1 2 2 1 0/0 29:31 4:01 3:28
Ryan Callahan 0 0 0 -2 0 1 3 0 0 0 0/0 14:52 2:49 0:00
Tomas Kubalik 0 0 0 0 0 0 0 0 0 0 0/0 6:04 0:00 0:00
3 Stars
1 - Daniel Briere (Ott)
2 - Cody Franson (Ott)
3 - Marcus Kruger (Phi)
Power Play
Senateurs - 0 on 4 Attempt(s) - 0.00%
Flyers - 1 on 4 Attempt(s) - 25.00%
Penalty Kill
Senateurs - 3 on 4 Attempt(s) - 75.00%
- Score 0 goal in Penalty Kill
Flyers - 4 on 4 Attempt(s) - 100.00%
- Score 0 goal in Penalty Kill
Team Stat
Senateurs - Hits : 16 - Faceoff Wins : 42 - Blocked Shots : 10 - Penalty Minutes : 8
Flyers - Hits : 13 - Faceoff Wins : 29 - Blocked Shots : 12 - Penalty Minutes : 8
Official
Referees : Unknown
Linesman : Unknown
Game Notes
No Game Note
Finance
Level 1 -- Attendance: 5939 (98.98%) -- Ticket Income $623,595
Level 2 -- Attendance: 3709 (74.18%) -- Ticket Income $259,630
Level 3 -- Attendance: 1625 (81.25%) -- Ticket Income $73,125
Level 4 -- Attendance: 4000 (100.00%) -- Ticket Income $120,000
Luxury Box -- Attendance: 1000 (100.00%) -- Ticket Income $180,000
Game was played at the Wells Fargo Center.
Total Attendance: 16273 (90.41%)
Total Ticket Income: $1,256,350
Other Income: $188,452
Total Income: $1,444,802
Senateurs
5 vs 5 Forward
Center Left Wing Right Wing Time % Phy DF OF
1 Sidney Crosby Jamie Benn Phil Kessel 40 1 2 2
2 Evgeni Malkin Daniel Sedin Colby Armstrong 30 1 2 2
3 Daniel Briere Sergei Kostitsyn Radim Vrbata 20 1 2 2
4 Stephane Da Costa Ryan Hollweg Michel Ouellet 10 1 2 2
5 vs 5 Defense
Defense Defense Time % Phy DF OF
1 Dion Phaneuf Cody Franson 40 1 2 2
2 Duncan Keith Nate Prosser 30 1 2 2
3 Mark Giordano Carlo Colaiacovo 20 1 2 2
4 Dion Phaneuf Cody Franson 10 1 2 2
PowerPlay Forward
Center Left Wing Right Wing Time % Phy DF OF
1 Sidney Crosby Jamie Benn Phil Kessel 60 1 2 2
2 Evgeni Malkin Daniel Sedin Colby Armstrong 40 1 2 2
PowerPlay Defense
Defense Defense Time % Phy DF OF
1 Dion Phaneuf Cody Franson 60 1 2 2
2 Duncan Keith Nate Prosser 40 1 2 2
Penalty Kill 4 Players Forward
Center Wing Time % Phy DF OF
1 Sidney Crosby Evgeni Malkin 60 1 2 2
2 Phil Kessel Daniel Briere 40 1 2 2
Penalty Kill 4 Players Defense
Defense Defense Time % Phy DF OF
1 Dion Phaneuf Cody Franson 60 1 2 2
2 Duncan Keith Nate Prosser 40 1 2 2
Penalty Kill - 3 Players Forward
Forward Time % Phy DF OF
1 Sidney Crosby 60 1 2 2
2 Evgeni Malkin 40 1 2 2
Penalty Kill - 3 Players Defense
Defense Defense Time % Phy DF OF
1 Dion Phaneuf Cody Franson 60 1 2 2
2 Duncan Keith Nate Prosser 40 1 2 2
4 vs 4 Forward
Center Wing Time % Phy DF OF
1 Sidney Crosby Evgeni Malkin 60 1 2 2
2 Phil Kessel Daniel Briere 40 1 2 2
4 vs 4 Defense
Defense Defense Time % Phy DF OF
1 Dion Phaneuf Cody Franson 60 1 2 2
2 Duncan Keith Nate Prosser 40 1 2 2
Last Minutes Offensive
Center Left Wing Right Wing Defense Defense
Sidney Crosby Jamie Benn Phil Kessel Dion Phaneuf Cody Franson
Last Minutes Defensive
Center Left Wing Right Wing Defense Defense
Sidney Crosby Jamie Benn Phil Kessel Dion Phaneuf Cody Franson
Goaltenders
Starting : Ondrej Pavelec
Backup : Roberto Luongo
Extra Forwards
Normal : Sergei Kostitsyn, Ryan Hollweg, Radim Vrbata - PP : Sergei Kostitsyn, Ryan Hollweg - PK : Radim Vrbata
Extra Defensemen
Normal : Mark Giordano, Carlo Colaiacovo, Duncan Keith - PP : Mark Giordano - PK : Carlo Colaiacovo, Duncan Keith
Penalty Shots
Sidney Crosby, Evgeni Malkin, Phil Kessel, Daniel Briere, Jamie Benn
Scratches
Arturs Kulda (Healthy)
Flyers
5 vs 5 Forward
Center Left Wing Right Wing Time % Phy DF OF
1 Jeff Carter Drew Miller Jakub Voracek 40 1 2 2
2 Jordan Nolan J.T. Miller Ryan Callahan 30 1 2 2
3 Marcus Kruger Chris Mcallister Mats Zuccarello 20 1 2 2
4 Matthew Lombardi Brock Nelson Tomas Kubalik 10 1 2 2
5 vs 5 Defense
Defense Defense Time % Phy DF OF
1 Oliver Ekman-Larsson Matt Smaby 40 1 2 2
2 Jonathan Ericsson Jeff Woywitka 30 1 2 2
3 Brian Lashoff Nathan Beaulieu 20 1 2 2
4 Oliver Ekman-Larsson Matt Smaby 10 1 2 2
PowerPlay Forward
Center Left Wing Right Wing Time % Phy DF OF
1 Jeff Carter Drew Miller Jakub Voracek 60 1 2 2
2 Jordan Nolan J.T. Miller Ryan Callahan 40 1 2 2
PowerPlay Defense
Defense Defense Time % Phy DF OF
1 Oliver Ekman-Larsson Matt Smaby 60 1 2 2
2 Jonathan Ericsson Jeff Woywitka 40 1 2 2
Penalty Kill 4 Players Forward
Center Wing Time % Phy DF OF
1 Jeff Carter Jordan Nolan 60 1 2 2
2 Jakub Voracek Drew Miller 40 1 2 2
Penalty Kill 4 Players Defense
Defense Defense Time % Phy DF OF
1 Oliver Ekman-Larsson Matt Smaby 60 1 2 2
2 Jonathan Ericsson Jeff Woywitka 40 1 2 2
Penalty Kill - 3 Players Forward
Forward Time % Phy DF OF
1 Jeff Carter 60 1 2 2
2 Jordan Nolan 40 1 2 2
Penalty Kill - 3 Players Defense
Defense Defense Time % Phy DF OF
1 Oliver Ekman-Larsson Matt Smaby 60 1 2 2
2 Jonathan Ericsson Jeff Woywitka 40 1 2 2
4 vs 4 Forward
Center Wing Time % Phy DF OF
1 Jeff Carter Jordan Nolan 60 1 2 2
2 Jakub Voracek Drew Miller 40 1 2 2
4 vs 4 Defense
Defense Defense Time % Phy DF OF
1 Oliver Ekman-Larsson Matt Smaby 60 1 2 2
2 Jonathan Ericsson Jeff Woywitka 40 1 2 2
Last Minutes Offensive
Center Left Wing Right Wing Defense Defense
Jeff Carter Drew Miller Jakub Voracek Oliver Ekman-Larsson Matt Smaby
Last Minutes Defensive
Center Left Wing Right Wing Defense Defense
Jeff Carter Drew Miller Jakub Voracek Oliver Ekman-Larsson Matt Smaby
Goaltenders
Starting : Steve Mason
Backup : Cam Ward
Extra Forwards
Normal : Chris Mcallister, Marcus Kruger, Matthew Lombardi - PP : Chris Mcallister, Marcus Kruger - PK : Matthew Lombardi
Extra Defensemen
Normal : Brian Lashoff, Nathan Beaulieu, Jonathan Ericsson - PP : Brian Lashoff - PK : Nathan Beaulieu, Jonathan Ericsson
Penalty Shots
Jeff Carter, Jordan Nolan, Jakub Voracek, Drew Miller, J.T. Miller
Scratches
None
% Time on Ice - Senateurs
Lines # - Real PCT - Wanted PCT - Time Play
Normal Forward
1 - 36% - 40% - 16:09
2 - 29% - 30% - 13:02
3 - 21% - 20% - 9:29
4 - 15% - 10% - 6:40
Normal Defense
1 - 40% - 40% - 18:14
2 - 34% - 30% - 15:19
3 - 23% - 20% - 10:30
4 - 3% - 10% - 1:17
PP Forward
1 - 58% - 60% - 4:11
2 - 42% - 40% - 3:03
PP Defense
1 - 53% - 60% - 3:52
2 - 47% - 40% - 3:22
PK Forward
1 - 70% - 60% - 4:18
2 - 30% - 40% - 1:49
PK Defense
1 - 62% - 60% - 3:48
2 - 38% - 40% - 2:19
PK3 Forward
1 - 0% - 60%
2 - 0% - 40%
PK3 Defense
1 - 0% - 60%
2 - 0% - 40%
44 Forward
1 - 100% - 60% - 0:43
2 - 0% - 40% - 0:00
44 Defense
1 - 100% - 60% - 0:43
2 - 0% - 40% - 0:00
Last Minute Offensive - 0:00
Last Minute Defensive - 0:36
Total
Forward - 60:00
Defense - 60:00
|
% Time on Ice - Flyers
Lines # - Real PCT - Wanted PCT - Time Play
Normal Forward
1 - 36% - 40% - 16:16
2 - 27% - 30% - 12:03
3 - 24% - 20% - 10:57
4 - 13% - 10% - 6:04
Normal Defense
1 - 42% - 40% - 19:09
2 - 33% - 30% - 15:01
3 - 21% - 20% - 9:36
4 - 3% - 10% - 1:34
PP Forward
1 - 54% - 60% - 3:18
2 - 46% - 40% - 2:49
PP Defense
1 - 66% - 60% - 4:01
2 - 34% - 40% - 2:06
PK Forward
1 - 68% - 60% - 4:53
2 - 32% - 40% - 2:21
PK Defense
1 - 55% - 60% - 3:58
2 - 45% - 40% - 3:16
PK3 Forward
1 - 0% - 60%
2 - 0% - 40%
PK3 Defense
1 - 0% - 60%
2 - 0% - 40%
44 Forward
1 - 100% - 60% - 0:43
2 - 0% - 40% - 0:00
44 Defense
1 - 100% - 60% - 0:43
2 - 0% - 40% - 0:00
Last Minute Offensive - 0:36
Last Minute Defensive - 0:00
Total
Forward - 60:00
Defense - 60:00
|
Play-by-Play
1st period
0:01 of 1st period - Sidney Crosby wins face-off versus Drew Miller in neutral zone.
0:10 of 1st period - Snap shot by Phil Kessel.
0:10 of 1st period - Shot Blocked by Matt Smaby.
0:12 of 1st period - Wrist shot by Sidney Crosby.
0:12 of 1st period - Shot Blocked by Oliver Ekman-Larsson.
0:14 of 1st period - Backhand shot by Dion Phaneuf.
0:14 of 1st period - Deflect By Oliver Ekman-Larsson.
0:14 of 1st period - Stopped by Steve Mason without a rebound.
0:15 of 1st period - Evgeni Malkin wins face-off versus Jordan Nolan in Flyers zone.
0:22 of 1st period - Daniel Sedin is hit by Ryan Callahan and loses puck.
0:51 of 1st period - Snap shot by Chris Mcallister.
0:51 of 1st period - Shot Misses the Net.
0:53 of 1st period - Snap shot by Chris Mcallister.
0:53 of 1st period - Shot Hit the Post.
1:05 of 1st period - Snap shot by Matthew Lombardi.
1:05 of 1st period - Deflect By Nate Prosser.
1:05 of 1st period - Shot Misses the Net.
1:05 of 1st period - Puck is out of play.
1:06 of 1st period - Matthew Lombardi wins face-off versus Sidney Crosby in Senateurs zone.
1:33 of 1st period - Jakub Voracek is hit by Stephane Da Costa and loses puck.
1:48 of 1st period - Double Minor Penalty to Jeff Carter for High sticking.
1:49 of 1st period - Matthew Lombardi wins face-off versus Sidney Crosby in Flyers zone.
2:16 of 1st period - Daniel Sedin is hit by Jakub Voracek and loses puck.
2:25 of 1st period - Drew Miller is hit by Duncan Keith and loses puck.
4:00 of 1st period - Drew Miller is hit by Sergei Kostitsyn and loses puck.
5:48 of 1st period - Penalty to Jeff Carter is over, Jeff Carter is back on ice.
5:53 of 1st period - Wrist shot by Marcus Kruger.
5:53 of 1st period - Goal by Marcus Kruger - Senateurs : 0 - Flyers : 1.
5:54 of 1st period - Daniel Briere wins face-off versus Jeff Carter in neutral zone.
6:01 of 1st period - Snap shot by Sergei Kostitsyn.
6:01 of 1st period - Goal by Sergei Kostitsyn - Senateurs : 1 - Flyers : 1.
6:02 of 1st period - Sidney Crosby wins face-off versus Jeff Carter in neutral zone.
6:22 of 1st period - Minor Penalty to Matt Smaby for Tripping.
6:23 of 1st period - Jakub Voracek wins face-off versus Sidney Crosby in Flyers zone.
6:32 of 1st period - Off-side.
6:33 of 1st period - Sidney Crosby wins face-off versus Jeff Carter in neutral zone.
7:08 of 1st period - Wrist shot by Daniel Sedin.
7:08 of 1st period - Stopped by Steve Mason with a rebound.
7:38 of 1st period - Minor Penalty to Jamie Benn for Hooking.
7:39 of 1st period - Sidney Crosby wins face-off versus Jeff Carter in Senateurs zone.
7:50 of 1st period - Snap shot by Sidney Crosby.
7:50 of 1st period - Stopped by Steve Mason without a rebound.
7:51 of 1st period - Sidney Crosby wins face-off versus Jeff Carter in Flyers zone.
8:08 of 1st period - Backhand shot by Evgeni Malkin.
8:08 of 1st period - Deflect By Sidney Crosby.
8:08 of 1st period - Shot Misses the Net.
8:08 of 1st period - Puck is out of play.
8:09 of 1st period - Jeff Carter wins face-off versus Sidney Crosby in Flyers zone.
8:22 of 1st period - Penalty to Matt Smaby is over, Matt Smaby is back on ice.
8:31 of 1st period - Slapshot by Oliver Ekman-Larsson.
8:31 of 1st period - Goal by Oliver Ekman-Larsson - Senateurs : 1 - Flyers : 2.
8:32 of 1st period - Sidney Crosby wins face-off versus Jordan Nolan in neutral zone.
8:39 of 1st period - Slapshot by Phil Kessel.
8:39 of 1st period - Shot Misses the Net.
8:49 of 1st period - Slapshot by J.T. Miller.
8:49 of 1st period - Shot Blocked by Dion Phaneuf.
8:59 of 1st period - Drew Miller is hit by Evgeni Malkin and loses puck.
9:10 of 1st period - Wrist shot by Colby Armstrong.
9:10 of 1st period - Shot Blocked by Jeff Carter.
9:12 of 1st period - Slapshot by Nate Prosser.
9:12 of 1st period - Stopped by Steve Mason with a rebound.
9:21 of 1st period - Off-side.
9:22 of 1st period - Daniel Briere wins face-off versus Marcus Kruger in neutral zone.
9:48 of 1st period - Sidney Crosby is hit by J.T. Miller and loses puck.
9:53 of 1st period - Snap shot by J.T. Miller.
9:53 of 1st period - Stopped by Ondrej Pavelec without a rebound.
9:54 of 1st period - Jordan Nolan wins face-off versus Sidney Crosby in Senateurs zone.
10:26 of 1st period - Snap shot by Jeff Carter.
10:26 of 1st period - Stopped by Ondrej Pavelec with a rebound.
10:28 of 1st period - Slapshot by Brian Lashoff.
10:28 of 1st period - Shot Blocked by Duncan Keith.
10:30 of 1st period - Snap shot by Drew Miller.
10:30 of 1st period - Deflect By Jeff Carter.
10:30 of 1st period - Stopped by Ondrej Pavelec with a rebound.
11:30 of 1st period - Snap shot by Michel Ouellet.
11:30 of 1st period - Shot Misses the Net.
11:34 of 1st period - Snap shot by Duncan Keith.
11:34 of 1st period - Goal by Duncan Keith - Senateurs : 2 - Flyers : 2.
11:35 of 1st period - Evgeni Malkin wins face-off versus Jeff Carter in neutral zone.
11:49 of 1st period - Minor Penalty to Daniel Sedin for Holding.
11:50 of 1st period - Sidney Crosby wins face-off versus Jeff Carter in Senateurs zone.
13:49 of 1st period - Penalty to Daniel Sedin is over, Daniel Sedin is back on ice.
13:57 of 1st period - Off-side.
13:58 of 1st period - Marcus Kruger wins face-off versus Stephane Da Costa in neutral zone.
14:18 of 1st period - Wrist shot by Marcus Kruger.
14:18 of 1st period - Shot Misses the Net.
14:20 of 1st period - Snap shot by Chris Mcallister.
14:20 of 1st period - Shot Misses the Net.
14:50 of 1st period - Slapshot by Marcus Kruger.
14:50 of 1st period - Stopped by Ondrej Pavelec with a rebound.
15:02 of 1st period - Slapshot by Michel Ouellet.
15:02 of 1st period - Shot Misses the Net.
15:04 of 1st period - Backhand shot by Ryan Hollweg.
15:04 of 1st period - Stopped by Steve Mason with a rebound.
15:06 of 1st period - Slapshot by Mark Giordano.
15:06 of 1st period - Deflect By Ryan Hollweg.
15:06 of 1st period - Shot Misses the Net.
15:06 of 1st period - Puck is out of play.
15:07 of 1st period - Sidney Crosby wins face-off versus Jeff Carter in Flyers zone.
15:08 of 1st period - Slapshot by Jamie Benn.
15:08 of 1st period - Stopped by Steve Mason without a rebound.
15:09 of 1st period - Jeff Carter wins face-off versus Phil Kessel in Flyers zone.
15:35 of 1st period - Snap shot by Evgeni Malkin.
15:35 of 1st period - Stopped by Steve Mason with a rebound.
16:19 of 1st period - Slapshot by Dion Phaneuf.
16:19 of 1st period - Stopped by Steve Mason without a rebound.
16:20 of 1st period - Sidney Crosby wins face-off versus Jeff Carter in Flyers zone.
16:35 of 1st period - Backhand shot by Drew Miller.
16:35 of 1st period - Stopped by Ondrej Pavelec with a rebound.
16:37 of 1st period - Snap shot by Jakub Voracek.
16:37 of 1st period - Stopped by Ondrej Pavelec without a rebound.
16:38 of 1st period - Jordan Nolan wins face-off versus Evgeni Malkin in Senateurs zone.
16:39 of 1st period - Snap shot by J.T. Miller.
16:39 of 1st period - Stopped by Ondrej Pavelec with a rebound.
16:41 of 1st period - Snap shot by Oliver Ekman-Larsson.
16:41 of 1st period - Shot Misses the Net.
16:53 of 1st period - Snap shot by Jordan Nolan.
16:53 of 1st period - Stopped by Ondrej Pavelec without a rebound.
16:54 of 1st period - Sidney Crosby wins face-off versus Jeff Carter in Senateurs zone.
17:01 of 1st period - Wrist shot by Sidney Crosby.
17:01 of 1st period - Stopped by Steve Mason with a rebound.
17:26 of 1st period - Wrist shot by J.T. Miller.
17:26 of 1st period - Shot Misses the Net.
17:28 of 1st period - Slapshot by Matt Smaby.
17:28 of 1st period - Deflect By Dion Phaneuf.
17:28 of 1st period - Stopped by Ondrej Pavelec with a rebound.
17:51 of 1st period - Slapshot by Dion Phaneuf.
17:51 of 1st period - Stopped by Steve Mason without a rebound.
17:52 of 1st period - Jeff Carter wins face-off versus Sidney Crosby in Flyers zone.
18:10 of 1st period - Icing by Drew Miller.
18:11 of 1st period - Evgeni Malkin wins face-off versus Drew Miller in Flyers zone.
18:22 of 1st period - Slapshot by Colby Armstrong.
18:22 of 1st period - Deflect By Evgeni Malkin.
18:22 of 1st period - Shot Blocked by Jakub Voracek.
18:22 of 1st period - Puck is out of play.
18:23 of 1st period - Sidney Crosby wins face-off versus Jordan Nolan in Flyers zone.
18:32 of 1st period - Wrist shot by Phil Kessel.
18:32 of 1st period - Goal by Phil Kessel - Senateurs : 3 - Flyers : 2.
18:33 of 1st period - Jeff Carter wins face-off versus Sidney Crosby in neutral zone.
18:48 of 1st period - Snap shot by Sidney Crosby.
18:48 of 1st period - Shot Blocked by Matt Smaby.
19:26 of 1st period - Wrist shot by Daniel Briere.
19:26 of 1st period - Shot Misses the Net.
19:32 of 1st period - Wrist shot by Sergei Kostitsyn.
19:32 of 1st period - Shot Misses the Net.
Goals for this period are 3 for Senateurs vs 2 for Flyers.
Shots for this period are 13 for Senateurs vs 11 for Flyers.
2nd period
0:01 of 2nd period - Jeff Carter wins face-off versus Sidney Crosby in neutral zone.
0:16 of 2nd period - Phil Kessel is hit by Jeff Carter and loses puck.
0:27 of 2nd period - Jonathan Ericsson is hit by Colby Armstrong and loses puck.
1:28 of 2nd period - Matthew Lombardi is hit by Jamie Benn and loses puck.
1:51 of 2nd period - Icing by Colby Armstrong.
1:52 of 2nd period - Evgeni Malkin wins face-off versus Jeff Carter in Senateurs zone.
2:03 of 2nd period - Drew Miller is hit by Colby Armstrong and loses puck.
2:13 of 2nd period - Oliver Ekman-Larsson is hit by Daniel Sedin and loses puck.
2:34 of 2nd period - Wrist shot by Jakub Voracek.
2:34 of 2nd period - Stopped by Ondrej Pavelec without a rebound.
2:35 of 2nd period - Sidney Crosby wins face-off versus Jordan Nolan in Senateurs zone.
2:39 of 2nd period - Off-side.
2:40 of 2nd period - Sidney Crosby wins face-off versus Jordan Nolan in neutral zone.
3:26 of 2nd period - Snap shot by Ryan Callahan.
3:26 of 2nd period - Stopped by Ondrej Pavelec with a rebound.
3:38 of 2nd period - Snap shot by Jordan Nolan.
3:38 of 2nd period - Stopped by Ondrej Pavelec without a rebound.
3:39 of 2nd period - Jeff Carter wins face-off versus Evgeni Malkin in Senateurs zone.
4:06 of 2nd period - Sergei Kostitsyn is hit by Marcus Kruger and loses puck.
5:15 of 2nd period - Wrist shot by Sidney Crosby.
5:15 of 2nd period - Deflect By Jamie Benn.
5:15 of 2nd period - Stopped by Steve Mason without a rebound.
5:16 of 2nd period - Matthew Lombardi wins face-off versus Sidney Crosby in Flyers zone.
5:23 of 2nd period - Slapshot by Duncan Keith.
5:23 of 2nd period - Shot Misses the Net.
5:25 of 2nd period - Slapshot by Nate Prosser.
5:25 of 2nd period - Stopped by Steve Mason without a rebound.
5:26 of 2nd period - Sidney Crosby wins face-off versus Jakub Voracek in Flyers zone.
6:21 of 2nd period - Snap shot by Radim Vrbata.
6:21 of 2nd period - Deflect By Daniel Briere.
6:21 of 2nd period - Stopped by Steve Mason without a rebound.
6:22 of 2nd period - Sidney Crosby wins face-off versus Jeff Carter in Flyers zone.
6:49 of 2nd period - Cody Franson is hit by Ryan Callahan and loses puck.
7:16 of 2nd period - Wrist shot by Michel Ouellet.
7:16 of 2nd period - Shot Misses the Net.
7:18 of 2nd period - Snap shot by Michel Ouellet.
7:18 of 2nd period - Stopped by Steve Mason with a rebound.
7:20 of 2nd period - Slapshot by Carlo Colaiacovo.
7:20 of 2nd period - Stopped by Steve Mason without a rebound.
7:21 of 2nd period - Sidney Crosby wins face-off versus Jeff Carter in Flyers zone.
7:48 of 2nd period - Duncan Keith is hit by Chris Mcallister and loses puck.
8:27 of 2nd period - Minor Penalty to Carlo Colaiacovo for Hooking.
8:28 of 2nd period - Jeff Carter wins face-off versus Sidney Crosby in Senateurs zone.
8:33 of 2nd period - Wrist shot by Jakub Voracek.
8:33 of 2nd period - Shot Blocked by Dion Phaneuf.
8:35 of 2nd period - Snap shot by Drew Miller.
8:35 of 2nd period - Shot Hit the Post.
10:27 of 2nd period - Penalty to Carlo Colaiacovo is over, Carlo Colaiacovo is back on ice.
10:47 of 2nd period - Off-side.
10:48 of 2nd period - Sidney Crosby wins face-off versus Matthew Lombardi in neutral zone.
10:57 of 2nd period - Jamie Benn is hit by Matthew Lombardi.
11:29 of 2nd period - Snap shot by Daniel Sedin.
11:29 of 2nd period - Shot Misses the Net.
11:31 of 2nd period - Wrist shot by Daniel Sedin.
11:31 of 2nd period - Stopped by Steve Mason without a rebound.
11:32 of 2nd period - Evgeni Malkin wins face-off versus Jeff Carter in Flyers zone.
11:39 of 2nd period - Slapshot by Matt Smaby.
11:39 of 2nd period - Shot Blocked by Colby Armstrong.
11:54 of 2nd period - Minor Penalty to Daniel Sedin for Hooking.
11:55 of 2nd period - Sidney Crosby wins face-off versus Jeff Carter in Senateurs zone.
13:46 of 2nd period - Oliver Ekman-Larsson is hit by Daniel Briere and loses puck.
13:54 of 2nd period - Penalty to Daniel Sedin is over, Daniel Sedin is back on ice.
14:03 of 2nd period - Slapshot by Ryan Hollweg.
14:03 of 2nd period - Shot Misses the Net.
14:09 of 2nd period - Wrist shot by Ryan Hollweg.
14:09 of 2nd period - Stopped by Steve Mason with a rebound.
14:49 of 2nd period - Snap shot by Phil Kessel.
14:49 of 2nd period - Shot Misses the Net.
15:01 of 2nd period - Slapshot by Tomas Kubalik.
15:01 of 2nd period - Shot Misses the Net.
15:09 of 2nd period - Snap shot by Sergei Kostitsyn.
15:09 of 2nd period - Deflect By Daniel Briere.
15:09 of 2nd period - Shot Blocked by Brian Lashoff.
15:09 of 2nd period - Puck is out of play.
15:10 of 2nd period - Sidney Crosby wins face-off versus Marcus Kruger in Flyers zone.
15:13 of 2nd period - Snap shot by Sidney Crosby.
15:13 of 2nd period - Stopped by Steve Mason without a rebound.
15:14 of 2nd period - Sidney Crosby wins face-off versus Marcus Kruger in Flyers zone.
15:31 of 2nd period - Sidney Crosby is hit by Matt Smaby and loses puck.
15:54 of 2nd period - Snap shot by Chris Mcallister.
15:54 of 2nd period - Goal by Chris Mcallister - Senateurs : 3 - Flyers : 3.
15:55 of 2nd period - Daniel Sedin wins face-off versus Drew Miller in neutral zone.
15:59 of 2nd period - Snap shot by Daniel Sedin.
15:59 of 2nd period - Deflect By Evgeni Malkin.
15:59 of 2nd period - Shot Misses the Net.
15:59 of 2nd period - Puck is out of play.
16:00 of 2nd period - Jeff Carter wins face-off versus Evgeni Malkin in Flyers zone.
16:00 of 2nd period - Jeff Carter is hit by Evgeni Malkin.
16:11 of 2nd period - Off-side.
16:12 of 2nd period - Jeff Carter wins face-off versus Sidney Crosby in neutral zone.
16:15 of 2nd period - Snap shot by Jakub Voracek.
16:15 of 2nd period - Shot Misses the Net.
16:19 of 2nd period - Wrist shot by Jeff Carter.
16:19 of 2nd period - Stopped by Ondrej Pavelec without a rebound.
16:20 of 2nd period - Sidney Crosby wins face-off versus Jeff Carter in Senateurs zone.
16:41 of 2nd period - Wrist shot by Jeff Carter.
16:41 of 2nd period - Stopped by Ondrej Pavelec without a rebound.
16:42 of 2nd period - Jordan Nolan wins face-off versus Evgeni Malkin in Senateurs zone.
17:34 of 2nd period - Wrist shot by Sergei Kostitsyn.
17:34 of 2nd period - Deflect By Oliver Ekman-Larsson.
17:34 of 2nd period - Shot Blocked by Chris Mcallister.
17:34 of 2nd period - Puck is out of play.
17:35 of 2nd period - Jordan Nolan wins face-off versus Daniel Briere in Flyers zone.
18:46 of 2nd period - Slapshot by Matt Smaby.
18:46 of 2nd period - Stopped by Ondrej Pavelec with a rebound.
18:56 of 2nd period - Wrist shot by Ryan Hollweg.
18:56 of 2nd period - Deflect By Stephane Da Costa.
18:56 of 2nd period - Shot Misses the Net.
18:56 of 2nd period - Puck is out of play.
18:57 of 2nd period - Sidney Crosby wins face-off versus Jeff Carter in Flyers zone.
19:32 of 2nd period - Snap shot by Daniel Sedin.
19:32 of 2nd period - Stopped by Steve Mason without a rebound.
19:33 of 2nd period - Jordan Nolan wins face-off versus Evgeni Malkin in Flyers zone.
Goals for this period are 0 for Senateurs vs 1 for Flyers.
Shots for this period are 9 for Senateurs vs 7 for Flyers.
3rd period
0:01 of 3rd period - Sidney Crosby wins face-off versus Jeff Carter in neutral zone.
0:11 of 3rd period - Slapshot by Jeff Carter.
0:11 of 3rd period - Stopped by Ondrej Pavelec without a rebound.
0:12 of 3rd period - Sidney Crosby wins face-off versus Jeff Carter in Senateurs zone.
0:43 of 3rd period - Slapshot by Evgeni Malkin.
0:43 of 3rd period - Shot Blocked by Matt Smaby.
0:45 of 3rd period - Slapshot by Cody Franson.
0:45 of 3rd period - Deflect By Jordan Nolan.
0:45 of 3rd period - Stopped by Steve Mason with a rebound.
0:47 of 3rd period - Snap shot by Daniel Sedin.
0:47 of 3rd period - Stopped by Steve Mason without a rebound.
0:48 of 3rd period - Jordan Nolan wins face-off versus Evgeni Malkin in Flyers zone.
1:44 of 3rd period - Snap shot by Jakub Voracek.
1:44 of 3rd period - Stopped by Ondrej Pavelec without a rebound.
1:45 of 3rd period - Evgeni Malkin wins face-off versus Jeff Carter in Senateurs zone.
1:54 of 3rd period - Wrist shot by Drew Miller.
1:54 of 3rd period - Shot Blocked by Dion Phaneuf.
2:42 of 3rd period - Wrist shot by Daniel Briere.
2:42 of 3rd period - Deflect By Sergei Kostitsyn.
2:42 of 3rd period - Stopped by Steve Mason without a rebound.
2:43 of 3rd period - Jeff Carter wins face-off versus Sidney Crosby in Flyers zone.
3:18 of 3rd period - Icing by Colby Armstrong.
3:19 of 3rd period - Jordan Nolan wins face-off versus Evgeni Malkin in Senateurs zone.
3:28 of 3rd period - Snap shot by Evgeni Malkin.
3:28 of 3rd period - Shot Misses the Net.
3:30 of 3rd period - Snap shot by Colby Armstrong.
3:30 of 3rd period - Stopped by Steve Mason without a rebound.
3:31 of 3rd period - Jeff Carter wins face-off versus Sidney Crosby in Flyers zone.
3:36 of 3rd period - Snap shot by Jamie Benn.
3:36 of 3rd period - Stopped by Steve Mason without a rebound.
3:37 of 3rd period - Sidney Crosby wins face-off versus Jeff Carter in Flyers zone.
3:47 of 3rd period - Snap shot by Cody Franson.
3:47 of 3rd period - Stopped by Steve Mason with a rebound.
3:49 of 3rd period - Backhand shot by Sidney Crosby.
3:49 of 3rd period - Shot Blocked by Jeff Carter.
3:51 of 3rd period - Slapshot by Cody Franson.
3:51 of 3rd period - Deflect By Sidney Crosby.
3:51 of 3rd period - Stopped by Steve Mason with a rebound.
5:11 of 3rd period - Matt Smaby is hit by Mark Giordano and loses puck.
5:25 of 3rd period - Slapshot by Matt Smaby.
5:25 of 3rd period - Shot Blocked by Carlo Colaiacovo.
5:27 of 3rd period - Slapshot by Oliver Ekman-Larsson.
5:27 of 3rd period - Stopped by Ondrej Pavelec without a rebound.
5:28 of 3rd period - Daniel Briere wins face-off versus Jeff Carter in Senateurs zone.
5:58 of 3rd period - Jamie Benn is hit by Ryan Callahan and loses puck.
6:14 of 3rd period - Off-side.
6:15 of 3rd period - Marcus Kruger wins face-off versus Stephane Da Costa in neutral zone.
6:24 of 3rd period - Nathan Beaulieu is hit by Stephane Da Costa and loses puck.
6:29 of 3rd period - Snap shot by Stephane Da Costa.
6:29 of 3rd period - Shot Blocked by Nathan Beaulieu.
6:43 of 3rd period - Cody Franson is hit by Brian Lashoff and loses puck.
7:24 of 3rd period - Wrist shot by Brock Nelson.
7:24 of 3rd period - Shot Misses the Net.
7:26 of 3rd period - Snap shot by Jeff Woywitka.
7:26 of 3rd period - Deflect By Daniel Briere.
7:26 of 3rd period - Stopped by Ondrej Pavelec with a rebound.
8:57 of 3rd period - Matthew Lombardi is hit by Daniel Briere and loses puck.
9:10 of 3rd period - Wrist shot by Drew Miller.
9:10 of 3rd period - Shot Misses the Net.
9:12 of 3rd period - Slapshot by Jeff Woywitka.
9:12 of 3rd period - Shot Misses the Net.
9:54 of 3rd period - Jeff Woywitka is hit by Daniel Sedin and loses puck.
10:03 of 3rd period - Slapshot by J.T. Miller.
10:03 of 3rd period - Shot Blocked by Carlo Colaiacovo.
10:05 of 3rd period - Snap shot by Matt Smaby.
10:05 of 3rd period - Shot Blocked by Mark Giordano.
10:21 of 3rd period - Snap shot by Radim Vrbata.
10:21 of 3rd period - Deflect By Sergei Kostitsyn.
10:21 of 3rd period - Shot Misses the Net.
10:21 of 3rd period - Puck is out of play.
10:22 of 3rd period - Jeff Carter wins face-off versus Daniel Briere in Flyers zone.
10:22 of 3rd period - Jeff Carter is hit by Daniel Briere.
10:37 of 3rd period - Slapshot by Brian Lashoff.
10:37 of 3rd period - Shot Blocked by Duncan Keith.
10:39 of 3rd period - Slapshot by Jeff Carter.
10:39 of 3rd period - Shot Blocked by Radim Vrbata.
12:02 of 3rd period - Wrist shot by Evgeni Malkin.
12:02 of 3rd period - Stopped by Steve Mason without a rebound.
12:03 of 3rd period - J.T. Miller wins face-off versus Sidney Crosby in Flyers zone.
12:05 of 3rd period - Minor Penalty to Jeff Woywitka for Holding.
12:06 of 3rd period - Sidney Crosby wins face-off versus Jeff Carter in Flyers zone.
12:12 of 3rd period - Snap shot by Sidney Crosby.
12:12 of 3rd period - Shot Misses the Net.
12:14 of 3rd period - Slapshot by Dion Phaneuf.
12:14 of 3rd period - Shot Blocked by Jordan Nolan.
12:16 of 3rd period - Slapshot by Cody Franson.
12:16 of 3rd period - Shot Blocked by Oliver Ekman-Larsson.
12:18 of 3rd period - Wrist shot by Jamie Benn.
12:18 of 3rd period - Shot Misses the Net.
12:20 of 3rd period - Snap shot by Sidney Crosby.
12:20 of 3rd period - Shot Misses the Net.
12:22 of 3rd period - Snap shot by Phil Kessel.
12:22 of 3rd period - Shot Misses the Net.
12:32 of 3rd period - Oliver Ekman-Larsson is hit by Daniel Sedin and loses puck.
14:05 of 3rd period - Penalty to Jeff Woywitka is over, Jeff Woywitka is back on ice.
14:11 of 3rd period - Wrist shot by Stephane Da Costa.
14:11 of 3rd period - Stopped by Steve Mason without a rebound.
14:12 of 3rd period - Marcus Kruger wins face-off versus Stephane Da Costa in Flyers zone.
14:23 of 3rd period - Slapshot by Carlo Colaiacovo.
14:23 of 3rd period - Stopped by Steve Mason with a rebound.
14:27 of 3rd period - Snap shot by Michel Ouellet.
14:27 of 3rd period - Stopped by Steve Mason without a rebound.
14:28 of 3rd period - Evgeni Malkin wins face-off versus Jeff Carter in Flyers zone.
14:29 of 3rd period - Snap shot by Colby Armstrong.
14:29 of 3rd period - Shot Misses the Net.
14:31 of 3rd period - Slapshot by Dion Phaneuf.
14:31 of 3rd period - Stopped by Steve Mason with a rebound.
14:33 of 3rd period - Snap shot by Colby Armstrong.
14:33 of 3rd period - Deflect By Evgeni Malkin.
14:33 of 3rd period - Stopped by Steve Mason without a rebound.
14:34 of 3rd period - Jeff Carter wins face-off versus Evgeni Malkin in Flyers zone.
14:43 of 3rd period - Snap shot by Jeff Carter.
14:43 of 3rd period - Stopped by Ondrej Pavelec with a rebound.
15:07 of 3rd period - Snap shot by Jordan Nolan.
15:07 of 3rd period - Stopped by Ondrej Pavelec without a rebound.
15:08 of 3rd period - Daniel Briere wins face-off versus Marcus Kruger in Senateurs zone.
15:46 of 3rd period - Off-side.
15:47 of 3rd period - Evgeni Malkin wins face-off versus Jeff Carter in neutral zone.
16:21 of 3rd period - Snap shot by Jordan Nolan.
16:21 of 3rd period - Stopped by Ondrej Pavelec without a rebound.
16:22 of 3rd period - Daniel Briere wins face-off versus Marcus Kruger in Senateurs zone.
16:22 of 3rd period - Daniel Briere is hit by Mats Zuccarello.
16:29 of 3rd period - Icing by Jonathan Ericsson.
16:30 of 3rd period - Daniel Briere wins face-off versus Marcus Kruger in Flyers zone.
19:23 of 3rd period - Snap shot by Cody Franson.
19:23 of 3rd period - Goal by Cody Franson - Senateurs : 4 - Flyers : 3.
19:24 of 3rd period - Jeff Carter wins face-off versus Sidney Crosby in neutral zone.
19:31 of 3rd period - Dion Phaneuf is hit by Oliver Ekman-Larsson and loses puck.
19:34 of 3rd period - Flyers, Steve Mason is pulled from the net.
19:46 of 3rd period - Slapshot by Jakub Voracek.
19:46 of 3rd period - Stopped by Ondrej Pavelec without a rebound.
19:47 of 3rd period - Pat Quinn call a timeout for Flyers.
19:47 of 3rd period - Sidney Crosby wins face-off versus Jeff Carter in Senateurs zone.
Goals for this period are 1 for Senateurs vs 0 for Flyers.
Shots for this period are 14 for Senateurs vs 8 for Flyers.
Back to the Top